 Dungeon Crawl Stone Soup version 0.20-a0-1026-gc3ddcbd (webtiles) character file.

259 Ordine the Sneak (level 5, 0/24 HPs)
             Began as a Spriggan Enchanter on Apr 20, 2017.
             Killed by divine providence
             ... invoked by an orc priest
              (11 damage)
             ... on level 4 of the Dungeon.
             The game lasted 00:24:47 (5105 turns).

Ordine the Sneak (Spriggan Enchanter)               Turns: 5105, Time: 00:24:47

Health: 0/24       AC:  3    Str:  4    XL:     5   Next: 95%
Magic:  2/10       EV: 18    Int: 17    God:
Gold:   120        SH:  0    Dex: 17    Spells: 4/9 levels left

rFire    . . .     SeeInvis +   a - +1 dagger
rCold    . . .     Gourm    .   (shield restricted)
rNeg     . . .     Faith    .   b - +1 robe
rPois    .         Spirit   .   (helmet restricted)
rElec    .         Reflect  .   j - scarf {repulsion}
rCorr    .         Harm     .   (gloves unavailable)
MR       .....                  (boots unavailable)
Stlth    ++++......             (no amulet)
Regen    0.1/turn               (no ring)
MPRegen  0.2/turn               (no ring)

@: very slightly contaminated, repel missiles, very quick
A: unfitting armour, see invisible, herbivore 3, speed 3, slow metabolism 2
a: no special abilities


You were on level 4 of the Dungeon.
You were very hungry.

You visited 1 branch of the dungeon, and saw 4 of its levels.

You collected 120 gold pieces.

Inventory:

Hand Weapons
 a - a +1 dagger (weapon)
Armour
 b - a +1 robe (worn)
 j - a scarf of repulsion (worn)
Wands
 r - a wand of enslavement (14/24)
Scrolls
 e - 3 scrolls of enchant armour
 l - a scroll of teleportation
 p - a scroll of remove curse
 t - a scroll of magic mapping
Potions
 d - a potion of agility {unknown}
 f - a potion of curing
 g - 4 potions of heal wounds
 h - a potion of cancellation
 k - 2 potions of haste {unknown}
 n - a potion of berserk rage {unknown}
 q - a potion of degeneration {unknown}
 s - 2 potions of flight {unknown}
Books
 c - a book of Maledictions

   Spells                             Type                      Level
   a - Corona                         Hexes                        1
   b - Ensorcelled Hibernation        Hexes/Ice                    2
   c - Confuse                        Hexes                        3
   d - Tukima's Dance                 Hexes                        3
   e - Dazzling Spray                 Conjuration/Hexes            3
Comestibles
 i - 3 fruits
 m - 2 royal jellies
 o - 2 bread rations


   Skills:
 + Level 4.8 Short Blades
 - Level 3.0 Dodging
 + Level 7.7 Stealth
 - Level 2.6 Spellcasting
 - Level 3.6 Hexes


You had 4 spell levels left.
You knew the following spells:

 Your Spells              Type           Power        Failure   Level  Hunger
a - Ensorcelled Hibernat  Hex/Ice        #.....       13%         2    ##.....
b - Confuse               Hex            ##......     12%         3    ###....


Dungeon Overview and Level Annotations

Branches:
Dungeon (4/15)
 Temple: D:4-7

Altars:
Dithmenos
Okawaru
Qazlal

Shops:
D:4 (


Innate Abilities, Weirdness & Mutations

You are very small and have problems with some larger weapons.
You are too small for most types of armour.
You have supernaturally acute eyesight. (SInv)
You are a herbivore.
You cover ground extremely quickly.
You need consume almost no food.


Message History

You feel uncomfortably cold.
The orc priest mumbles some strange prayers to Beogh against you.
Pain shoots through your body!
Casting: Ensorcelled Hibernation
Confirm with . or Enter, or press ? or * to list all spells.
Aiming: Ensorcelled Hibernation
Press: ? - help, Shift-Dir - straight line, f/p - orc priest
Aim: an orc priest, wielding a short sword (chance to defeat MR: 39%)
The orc priest resists with some effort.
You are feeling very hungry.
The orc priest hits you with a short sword.
Casting: Ensorcelled Hibernation
Confirm with . or Enter, or press ? or * to list all spells.
Aiming: Ensorcelled Hibernation
Press: ? - help, Shift-Dir - straight line, f/p - orc priest
Aim: an orc priest, wielding a short sword (chance to defeat MR: 39%)
You miscast Ensorcelled Hibernation.
You feel a strange surge of energy!
The orc priest calls down the wrath of Beogh upon you.
Beogh smites you!
You die...

#W..## ..... .. ..... #.. .... #
.. # # ..# .# ...#
##.###.###.#### .#.#
........[...%.. ... # #
#...########.###### #.#
#........†o@....... .#.#
#..#.######..####### #.#....
#...<.........#..... #.#....
#.)#.#.....#..#.##.# #.#....
#..#.......#..#.##.# #.# #.#
#.....#.......#.##.# #.# #..
#####..........#.##.##.# #.# ##.
#........##.####.....#.# #.# ##.
#.####.........+.....#.###.###..


You could see an orc priest.

Vanquished Creatures
  2 orc priests
  Terence (D:2)
  Robin (D:2)
  4 gnolls
  2 adders (D:2)
  5 worms (D:2)
  6 leopard geckos
  9 orcs
  11 bats
  3 giant cockroaches
  12 goblins
  9 hobgoblins
  5 kobolds
  A quokka (D:3)
  A ball python (D:2)
  5 frilled lizards
  9 rats
86 creatures vanquished.

Notes
Turn   | Place    | Note
-------+----------+-------------------------------------------
     0 | D:1      | Ordine the Spriggan Enchanter began the quest for the Orb.
     0 | D:1      | Reached XP level 1. HP: 9/9 MP: 5/5
   523 | D:1      | Reached XP level 2. HP: 13/13 MP: 6/6
   527 | D:1      | Learned a level 2 spell: Ensorcelled Hibernation
   546 | D:1      | Reached skill level 5 in Stealth
  1239 | D:2      | Found an iron altar of Okawaru.
  1250 | D:2      | Reached XP level 3. HP: 12/16 MP: 5/8
  1499 | D:2      | Learned a level 3 spell: Confuse
  1502 | D:2      | Noticed Terence
  1502 | D:2      | Noticed Robin
  1531 | D:2      | Killed Terence
  1531 | D:2      | Reached skill level 6 in Stealth
  1531 | D:2      | Reached XP level 4. HP: 21/21 MP: 2/9
  3201 | D:2      | Killed Robin
  3592 | D:2      | Reached XP level 5. HP: 24/24 MP: 5/10
  3636 | D:3      | Reached skill level 7 in Stealth
  3651 | D:3      | Found a stormy altar of Qazlal.
  4403 | D:4      | Found a shadowy altar of Dithmenos.
  4612 | D:4      | Found Qeulaf's Antique Weapon Boutique.
  4735 | D:4      | Noticed a phantom
  5105 | D:4      | Killed from afar by an orc priest

Vault maps used:
D:1:      dpeg_arrival_brainrot
D:2:      okawaru_ov_weapons_minmay, uniq_terence, uniq_robin
D:3:      grunt_qazlal_clouds, first_bread, corexii_leaking_fountain
D:4:      grunt_temple_overflow_lords_of_destruction,
          nicolae_tso_besieged_by_evil, minmay_temple_entry_glassed_door,
          serial_shops, shop, nicolae_dithmenos_shadow_blocks

Skill      XL: |  1  2  3  4  5 |
---------------+----------------+-----
Stealth        | 5 6 7 |  7.7
Short Blades   | 2 3 4 |  4.8
Dodging        | |  3.0
Spellcasting   | |  2.6
Hexes          | |  3.6

Action                   |  1- 3 |  4- 6 || total
-------------------------+-------+-------++-------
Melee: Dagger            |    96 |   133 ||   229
 Cast: Corona            |     1 |       ||     1
       Ensorcelled Hiber |    13 |    72 ||    85
       Confuse           |     1 |     4 ||     5
  Use: Scroll            |     6 |     4 ||    10
 Stab: Sleeping          |    23 |    31 ||    54
       Confused          |     1 |     2 ||     3
  Eat: Bread ration      |       |     1 ||     1
       Fruit             |       |     1 ||     1
Armor: Robe              |     8 |    15 ||    23
Dodge: Dodged            |    65 |   100 ||   165
